 Dungeon Crawl Stone Soup version 0.29-a0-317-gd16b76e6b1 (webtiles) character file.

Game seed: 5107249609222017719

2074 Morbidden the Conjurer (level 9, 30/65 HPs)
             Began as a Demonspawn Conjurer on Apr 1, 2022.
             Was a Believer of Vehumet.
             Quit the game on level 6 of the Dungeon.
             The game lasted 00:11:04 (8115 turns).

Morbidden the Conjurer (Demonspawn Conjurer)        Turns: 8115, Time: 00:11:05

Health: 30/65      AC: 14    Str:  7    XL:     9   Next: 6%
Magic:  2/16       EV: 13    Int: 30    God:    Vehumet [**....]
Gold:   248        SH:  0    Dex: 12    Spells: 10/17 levels left

rFire   . . .      SeeInvis .     - Unarmed
rCold   . . .      Faith    .   (no shield)
rNeg    . . .      Spirit   .   a - +0 robe
rPois   +          Reflect  .   (no helmet)
rElec   .          Harm     .   v - +2 cloak {rPois}
rCorr   .          Rampage  +   (no gloves)
Will    .....                   g - +1 pair of boots {rampage}
Stlth   ++........              (no amulet)
HPRegen 3.20/turn               m - +4 ring of protection
MPRegen 0.15/turn               t - +6 ring of intelligence

@: no status effects
A: claws 2, slimy green scales 2, foul stench 1, powered by death 1
a: Renounce Religion


You were on level 6 of the Dungeon.
You worshipped Vehumet.
Vehumet was pleased with you.
You visited 1 branch of the dungeon, and saw 6 of its levels.
You also visited: Sewer.

You collected 248 gold pieces.

Inventory:

Missiles
 b - 7 poisoned darts
 w - 2 boomerangs (quivered)
Armour
 a - a +0 robe (worn)
 g - a +1 pair of boots of rampaging (worn)
 v - a +2 cloak of poison resistance (worn)
Jewellery
 m - a +4 ring of protection (left claw)
 r - a ring of positive energy
 s - a ring of willpower
 t - a +6 ring of intelligence (right claw)
 x - a +4 ring of evasion
Scrolls
 c - 2 scrolls of blinking
 j - 2 scrolls of enchant armour
 k - 3 scrolls of teleportation
 p - 2 scrolls of amnesia
 u - 3 scrolls of identify
Potions
 d - 2 potions of resistance {unknown}
 e - 2 potions of degeneration {unknown}
 f - 6 potions of curing
 h - 2 potions of flight
 i - a potion of heal wounds
 l - 2 potions of attraction {unknown}
 n - a potion of experience {unknown}
 o - a potion of brilliance {unknown}
 q - a potion of ambrosia {unknown}
 z - a potion of mutation {unknown}


   Skills:
 * Level 3.8 Fighting
 + Level 1.9 Short Blades
 * Level 5.4 Dodging
 + Level 3.0 Stealth
 * Level 4.0 Unarmed Combat
 * Level 4.9 Spellcasting
 * Level 6.3 Conjurations
 * Level 2.4 Translocations


You had 10 spell levels left.
You knew the following spells:

 Your Spells              Type           Power      Damage    Failure   Level
a - Magic Dart            Conj           100%       1d8       1%          1
b - Searing Ray           Conj           90%        2d7       1%          2
c - Iskenderun's Mystic   Conj/Tloc      33%        2d8       10%         4

Your spell library contained the following spells:

 Spells                   Type           Power      Damage    Failure   Level
 Shock                    Conj/Air       100%       1d9       1%          1
 Dazzling Flash           Conj/Hex       52%        N/A       4%          3
 Fulminant Prism          Conj/Hex       13%        3d9       16%         4


Dungeon Overview and Level Annotations

Branches:
Dungeon (6/15)              Sewer (visited)
 Temple: D:4-7

Altars:
Ashenzari
Fedhas
Kikubaaqudgha
Makhleb
Trog
Uskayaw
Vehumet
Yredelemnul


Innate Abilities, Weirdness & Mutations

You have very sharp fingernails.
You are mostly covered in slimy green scales. (AC +3)
You may rarely emit foul miasma when damaged in melee.
You regenerate a little health from kills.


Message History

You kill the orc!
Vehumet accepts your kill. The bullfrog completely misses you.
The searing ray hits the bullfrog.
You kill the bullfrog!
Vehumet accepts your kill.
The searing ray hits the ogre!
You kill the ogre!
Vehumet accepts your kill. Vehumet offers you knowledge of Shock.
You feel your power returning.
The searing ray hits the orc priest!
The orc priest is severely wounded.
Your Unarmed Combat skill increases to level 4!
You have reached level 9!
Your experience leads to an increase in your attributes!
Your base attributes are Str 7, Int 22, Dex 12.
Increase (S)trength, (I)ntelligence, or (D)exterity?
You feel clever. x2; Your demonic ancestry asserts itself...
You begin to emit a foul stench of rot and decay.
Unknown command.
Casting: Searing Ray (safe; 1% risk of failure)
Confirm with . or Enter, or press ? or * to list all spells.
Restarting spell: Searing Ray (safe; 1% risk of failure)
Press: ? - help, Shift-Dir - straight line, f - orc priest
Aim: an orc priest, wielding a +0 mace (severely wounded, 82% to hit)
The searing ray hits the orc priest!
You kill the orc priest!
Vehumet accepts your kill. (Press . to maintain the ray.)
The searing ray hits the white imp.
The white imp is lightly wounded.
Unknown command.
The searing ray misses the white imp.
Unknown command.
Are you sure you want to abandon this character and quit the game? (Confirm with "yes".)
Okay, then.
You swing at nothing.
The white imp gestures at you. The puff of frost hits you.
Are you sure you want to abandon this character and quit the game? (Confirm with "yes".)

#.# ##.# #5# #o# #o#
...o# #.###.....5#
#o.........# ####
#.###......# ....
#.# '##
####..######.###.#.
.......@5)))........
#################..#


You could see a white imp.

Vanquished Creatures
  Pikel (D:6)
  Grinder (D:6)
  A black bear (D:5)
  2 ogres
  A lemure (D:6)
  A kobold brigand (Sewer)
  A phantom (D:4)
  A necrophage (D:4)
  4 scorpions
  A bullfrog (D:6)
  A crimson imp (D:4)
  2 jellies (D:5)
  3 orc priests
  Crazy Yiuf (D:5)
  A hound (D:5)
  4 orc wizards
  4 iguanas
  7 adders
  2 river rats (Sewer)
  A worm (D:2)
  A dart slug (D:5)
  33 orcs
  A bat (D:1)
  5 endoplasms
  3 giant cockroaches
  7 goblins
  4 hobgoblins
  11 jackals
  15 kobolds
  A quokka (D:2)
  10 ball pythons
  A frilled lizard (D:3)
  10 rats
142 creatures vanquished.

Vanquished Creatures (others)
  4 plants (D:1)
4 creatures vanquished.

Grand Total: 146 creatures vanquished

Notes
Turn   | Place    | Note
-------+----------+-------------------------------------------
     0 | D:1      | Morbidden the Demonspawn Conjurer began the quest for the
                  | Orb.
     0 | D:1      | Reached XP level 1. HP: 13/13 MP: 3/3
   342 | D:1      | Gained mutation: You are partially covered in slimy green
                  | scales. (AC +2) [demonic ancestry]
   342 | D:1      | Reached XP level 2. HP: 11/19 MP: 1/5
   661 | D:1      | Learned a level 2 spell: Searing Ray
  2001 | D:2      | Reached XP level 3. HP: 24/24 MP: 3/6
  2754 | D:2      | Found a faded altar of an unknown god.
  2788 | D:2      | Reached skill level 1 in Fighting
  2788 | D:2      | Reached XP level 4. HP: 32/32 MP: 0/7
  2966 | D:3      | Identified a scroll of acquirement
  2966 | D:3      | Acquired a +0 pair of boots of rampaging
  4294 | D:4      | Noticed a necrophage
  4316 | D:4      | Killed a necrophage
  4317 | D:4      | Reached skill level 1 in Short Blades
  4317 | D:4      | Reached skill level 5 in Conjurations
  4317 | D:4      | Gained mutation: You regenerate a little health from kills.
                  | [demonic ancestry]
  4317 | D:4      | Reached XP level 5. HP: 36/38 MP: 0/9
  4648 | D:4      | Gained mutation: You have sharp fingernails. [demonic
                  | ancestry]
  4648 | D:4      | Reached XP level 6. HP: 40/44 MP: 1/10
  5116 | D:4      | Reached skill level 1 in Unarmed Combat
  5549 | D:4      | Gained mutation: You are mostly covered in slimy green
                  | scales. (AC +3) [demonic ancestry]
  5549 | D:4      | Reached XP level 7. HP: 51/51 MP: 2/11
  5766 | D:4      | Found a radiant altar of Vehumet.
  5767 | D:4      | Found a burning altar of Makhleb.
  5814 | D:4      | Became a worshipper of Vehumet
  5820 | D:4      | Learned a level 4 spell: Iskenderun's Mystic Blast
  5919 | D:5      | Entered Level 5 of the Dungeon
  6328 | D:5      | Found a glowing drain.
  6337 | Sewer    | Entered a sewer
  6481 | Sewer    | Reached * piety under Vehumet
  6481 | Sewer    | Offered knowledge of Sandblast by Vehumet.
  6748 | D:5      | Reached skill level 1 in Translocations
  6835 | D:5      | Gained mutation: You have very sharp fingernails. [demonic
                  | ancestry]
  6835 | D:5      | Reached XP level 8. HP: 46/58 MP: 8/13
  6966 | D:5      | Found a runed translucent door.
  6967 | D:5      | Noticed Crazy Yiuf
  7561 | D:5      | Found a broken altar of Ashenzari.
  7561 | D:5      | Found a hide-covered altar of Uskayaw.
  7568 | D:5      | Found a faded altar of an unknown god.
  7570 | D:5      | Found a basalt altar of Yredelemnul.
  7572 | D:5      | Found a faded altar of an unknown god.
  7626 | D:5      | Killed Crazy Yiuf
  7924 | D:6      | Noticed Pikel
  7941 | D:6      | Killed Pikel
  7942 | D:6      | Reached skill level 5 in Dodging
  7942 | D:6      | Reached skill level 6 in Conjurations
  7945 | D:6      | Found a blossoming altar of Fedhas.
  7950 | D:6      | Found an ancient bone altar of Kikubaaqudgha.
  7952 | D:6      | Found a bloodstained altar of Trog.
  8087 | D:6      | Noticed Grinder
  8097 | D:6      | Paralysed by Grinder for 7 turns
  8105 | D:6      | Killed Grinder
  8110 | D:6      | Reached ** piety under Vehumet
  8110 | D:6      | Offered knowledge of Shock by Vehumet.
  8111 | D:6      | Gained mutation: You may rarely emit foul miasma when
                  | damaged in melee. [demonic ancestry]
  8111 | D:6      | Reached XP level 9. HP: 24/65 MP: 5/16
  8115 | D:6      | Quit the game

Illustrated notes

Levels and vault maps discovered:
D:1:      giann_bridges, layout_basic, serial_forest,
          infiniplex_forest_straight_2, infiniplex_forest_end_3,
          infiniplex_forest_clump_tiny, infiniplex_forest_pool,
          infiniplex_forest_fountain, infiniplex_forest_clump_long,
          infiniplex_forest_diagonal, infiniplex_forest_zigzag_1
D:2:      layout_rooms, serial_corexii_hall, chequers_hall_statues_corner_a,
          corexii_hall_statues_i, chequers_hall_statues_wall_a,
          corexii_hall_statues_t, hellmonk_ecumenical_altar_arch_garden,
          guppyfry_early_orc_mine
D:3:      layout_loops_corners
D:4:      layout_basic, grunt_temple_overflow_lords_of_destruction
D:5:      layout_loops_ring, chequers_temple_overflow_minitemple,
          portal_sewer_entry_a, uniq_crazy_yiuf_cottage
D:6:      layout_basic, minitemple, lightli_ossuary_entry_decrepit_ruins,
          uniq_pikel, uniq_grinder, uniq_sigmund

Skill      XL: |  1  2  3  4  5  6  7  8 |
---------------+-------------------------+-----
Dodging        | 2 3 4 5 |  5.4
Fighting       | 1 2 3 |  3.8
Short Blades   | 1 |  1.9
Stealth        | 2 3 |  3.0
Conjurations   | 5 6 |  6.3
Spellcasting   | 3 4 |  4.9
Unarmed Combat | 1 3 4 |  4.0
Translocations | 1 2 |  2.4

Action                   |  1- 3 |  4- 6 |  7- 9 || total
-------------------------+-------+-------+-------++-------
Melee: Unarmed           |    72 |    81 |   100 ||   253
       Punch             |     2 |     1 |       ||     3
       Dagger            |    14 |    88 |       ||   102
 Cast: Magic Dart        |    66 |    28 |    39 ||   133
       Searing Ray       |     2 |    14 |    28 ||    44
  Use: Scroll            |       |     3 |     6 ||     9
       Potion            |       |       |     1 ||     1
 Stab: Sleeping          |       |     5 |     1 ||     6
Armor: Robe              |    25 |    75 |   107 ||   207
Dodge: Dodged            |    71 |   122 |   154 ||   347

Table legend: (Time is in decaauts)
 A = Elapsed time spent in this place.
 B = Non-inter-level travel time spent in this place.
 C = Inter-level travel time spent in this place.
 D = Time resting spent in this place.
 E = Time spent auto-exploring this place.
 F = Levels seen in this place.
 G = Mean time per level.
                   A        B        C        D        E       F      G
               +--------+--------+--------+--------+--------+-----+--------+
         Total |   8125 |   7933 |    192 |   1583 |   4852 |   7 | 1160.7 |
       Dungeon |   7690 |   7498 |    192 |   1583 |   4546 |   6 | 1281.7 |
         Sewer |    435 |    435 |      0 |      0 |    306 |   1 |  435.0 |
               +--------+--------+--------+--------+--------+-----+--------+

Top non-repeatable levels by time:
     D:4: 1731 daAuts
     D:1: 1548 daAuts
     D:2: 1414 daAuts
     D:5: 1400 daAuts
     D:3: 1191 daAuts
   Sewer: 435 daAuts
     D:6: 403 daAuts
